 Dungeon Crawl Stone Soup version 0.30.1-4-g462c640d31 (webtiles) character file.

Game seed: 16746923541982462465

74 monsoonserge the Slasher (level 4, -1/52 HPs)
             Began as a Demonspawn Monk on Sept 2, 2023.
             Killed from afar by Natasha (5 damage)
             ... with a bolt of light
             ... on level 1 of the Dungeon.
             The game lasted 00:02:45 (898 turns).

monsoonserge the Slasher (Demonspawn Monk)           Turns: 898, Time: 00:02:46

Health: -1/52      AC: 22    Str: 12    XL:     4   Next: 10%
Magic:  4/4        EV:  2    Int: 15    God:
Gold:   10         SH:  0    Dex: 15    Spells: 3/3 levels left

rFire   . . .        a - +0 falchion
rCold   . . .        d - orb {light}
rNeg    . . .        e - melded +0 leather armour
rPois   +            (helmet currently unavailable)
rElec   .            (cloak currently unavailable)
rCorr   .            (gloves currently unavailable)
SInv    .            i - melded +0 pair of boots
Will    .....        (no amulet)
Stlth   +            (no ring)
HPRegen 0.28/turn    (no ring)
MPRegen 0.09/turn

%: no passive effects
@: tree-form, slowed, glowing, very slow
A: stationary, stasis, torment immunity, boosted hp, (claws 1), big brain 1,
demonic magic 1
a: no special abilities


You were on level 1 of the Dungeon.
You were a tree.
You visited 1 branch of the dungeon, and saw 2 of its levels.

You collected 10 gold pieces.

Inventory:

Hand Weapons
 a - a +0 falchion (weapon)
Armour
 d - an orb of light (worn)
 e - a +0 leather armour (melded)
 i - a +0 pair of boots (melded)
Scrolls
 b - a scroll of fog {unknown}
 g - a scroll of enchant armour {unknown}
 h - a scroll of identify {unknown}
Potions
 f - a potion of lignification


   Skills:
 + Level 3.4 Fighting
 + Level 3.7 Long Blades
 + Level 0.2 Armour
 + Level 3.2 Dodging


You had 3 spell levels left.
You didn't know any spells.
Your spell library was empty.

Dungeon Overview and Level Annotations

Branches:
Dungeon (2/15)

Altars:

Annotations:
D:1 Natasha


Innate Abilities, Weirdness & Mutations

You are a tree.
Your roots penetrate the ground, keeping you stationary.
You cannot be teleported.
You are immune to unholy pain and torment.
Your maximum health is greatly increased.
Your equipment is partially melded.
((You have sharp fingernails.))
You have an unusually large brain. (Int +2)
Spells you cast may paralyse adjacent enemies.


Message History

You feel sick.
You are no longer poisoned.
The adder closely misses you. Natasha claws you. The adder bites you.
Natasha barely misses you.
You hit the adder.
You kill the adder!
Natasha zaps a wand.
The bolt of light misses you.
You have reached level 4!
You feel stronger.
Your demonic ancestry asserts itself...
Your fingernails lengthen.
Press: ? - help, v - describe, . - travel
Here: Natasha, carrying a wand of light (8) (lightly wounded, haloed)
The floor.
You barely miss Natasha.
Natasha is lightly wounded.
Natasha casts a spell at you.
You feel as though you will be slow longer.
Natasha zaps a wand.
The bolt of light hits you!
* * * LOW HITPOINT WARNING * * *
Okay, then.
It was a potion of lignification.
You turn into a tree.
Your +0 pair of boots melds into your body.
Your +0 leather armour melds into your body.
Your roots penetrate the ground.
Natasha wildly gestures.
Natasha glows brightly for a moment.
Natasha zaps a wand.
The bolt of light hits you.
You are confused.
* * * LOW HITPOINT WARNING * * *
Natasha zaps a wand.
The bolt of light hits you but does no damage.
You cannot move. (Use ctrl+direction or * direction to attack while stationary and confused.)
You attack the rock wall.
Natasha claws you.
* * * LOW HITPOINT WARNING * * *
You are too confused!
You hit Natasha but do no damage.
Natasha is lightly wounded.
You feel less confused.
Natasha zaps a wand.
The bolt of light hits you.
You die...

..####.###.#.### #†....# #.# #.
...............# ####### #.# #.
..############.#
#########.#####. ..# #.#
#......##....... ..#
#.###.####.#####.### ..##
#.#.........####.# ...########
#.#.#.##.....)...#
........#.####.#.#.##....######
....###.....)...♣h.......#
....# #.#.###.##>#.......#
....###...###.##.......#.#
..#........##.####.......#
......#..#.##.# #########
..#.###..#.##.# .##.###.......#
.##......#.#### ...#######.#


You could see Natasha.

Vanquished Creatures
  Natasha (D:2)
  2 adders
  A dart slug (D:1)
  5 endoplasms (D:1)
  4 giant cockroaches
  3 goblins (D:1)
  A hobgoblin (D:1)
  A ball python (D:1)
  5 bats
  4 frilled lizards
  A kobold (D:2)
  5 rats
33 creatures vanquished.

Notes
Turn   | Place    | Note
-------+----------+-------------------------------------------
     0 | D:1      | monsoonserge the Demonspawn Monk began the quest for the
                  | Orb.
     0 | D:1      | Reached XP level 1. HP: 18/18 MP: 1/1
   114 | D:1      | Gained mutation: You have an unusually large brain. (Int
                  | +2) [demonic ancestry]
   114 | D:1      | Reached XP level 2. HP: 24/24 MP: 2/2
   747 | D:2      | Noticed Natasha
   750 | D:2      | Gained mutation: Spells you cast may paralyse adjacent
                  | enemies. [demonic ancestry]
   750 | D:2      | Reached XP level 3. HP: 19/29 MP: 3/3
   755 | D:2      | Killed Natasha
   875 | D:2      | Noticed Natasha
   895 | D:1      | Gained mutation: You have sharp fingernails. [demonic
                  | ancestry]
   895 | D:1      | Reached XP level 4. HP: 22/35 MP: 4/4
   898 | D:1      | Killed from afar by Natasha

Illustrated notes

Levels and vault maps discovered:
D:1:      dpeg_arrival_shrine, layout_loops_cross
D:2:      layout_basic, basic_altar, uniq_natasha

Skill      XL: |  1  2 |
---------------+-------+-----
Long Blades    | 3 |  3.7
Dodging        | 3 |  3.2
Fighting       | |  3.4
Armour         | |  0.2

Action                     |  1- 3 |  4- 6 || total
---------------------------+-------+-------++-------
  Melee: Falchion          |    77 |     2 ||    79
    Use: Potion            |     1 |     1 ||     2
 Armour: Robe              |     2 |       ||     2
         Leather armour    |    21 |       ||    21
         Skin              |       |     1 ||     1
  Dodge: Dodged            |    66 |       ||    66
